cohdb
Replays
Latest Replays
All Replays
Popular Replays
Top Player Replays
Match Explorer
How It Works
Community
CoH3 Stats
Reddit
Sign in to upload your games and track your stats! →
Sign in with Steam
Match 45181716
Unlisted
Match 45181716
Overview
Messages
Build Orders
End
Kradschützen Motorcycle Team
Panzergrenadier Squad
Panzergrenadier Squad
Selects Armored Support Battlegroup
250 Light Carrier
Construct Light Support Kompanie
Fire Support Elements
Combat Half-tracks
Flakvierling Half-track
Selects Veteran Gunners
Selects Salvage Kits
Panzerjäger Mechanized Group
Vehicle Survival Package
Construct Mechanized Kompanie
Construct Panzerarmee Kommand
Emergency Repair Kits
Panzer III L Medium Tank
Selects Panzer Storm
Assault Mechanized Group
2.5-tonne Medical Truck
Veteran Squad Leaders
Panzer III L Medium Tank
Armored Reserves
Selects Stuka Dive Bomb
Stuka Dive Bomb
Panzer IV Assault Group
Tungsten Core Ammunition
Stuka Dive Bomb
Rapid Advance
Panzerpioneer Squad
Selects Flammpanzer III Medium Tank
Selects Command Panzer IV F Medium Tank
Tiger Heavy Tank
Stuka Dive Bomb
Command Panzer IV F Medium Tank
Panzerpioneer Squad
Stuka Dive Bomb
Voron_
Sarmynation
0
0
Comments
sign in to comment!
No comments posted yet!